 Dungeon Crawl Stone Soup version 0.28.0-53-g5a82cb258f (webtiles) character file.

Game seed: 16939683073434657885

3320 Sin92 the Skirmisher (level 9, 0/70 (71) HPs)
             Began as a Demonspawn Fighter on June 28, 2022.
             Was a Believer of Okawaru.
             Slain by Harold
             ... wielding a +1 glaive of protection
              (13 damage)
             ... on level 7 of the Dungeon.
             The game lasted 00:10:09 (7306 turns).

Sin92 the Skirmisher (Demonspawn Fighter)           Turns: 7306, Time: 00:10:09

HP:   0/70 (71)     AC: 18    Str: 21    XL:     9   Next: 71%
MP:   10/10         EV: 12    Int: 15    God:    Okawaru [**....]
Gold: 439           SH:  6    Dex: 18    Spells: 8/8 levels left

rFire   x . .      SeeInvis .   E - +5 morningstar
rCold   . . .      Faith    .   c - +0 buckler
rNeg    + + .      Spirit   .   o - +3 scale mail of Ronikou {rF- rN++ Int+5}
rPois   .          Reflect  .   (helmet unavailable)
rElec   .          Harm     .   z - +0 cloak
rCorr   .          Rampage  .   m - +0 pair of gloves
Will    .....                   u - +0 pair of boots
Stlth   ..........              (no amulet)
HPRegen 0.21/turn               e - +6 ring of dexterity
MPRegen 0.12/turn               k - +4 ring of protection

@: about to teleport, marked, lightly drained
A: claws 1, horns 3, (demonic guardian 1), ignite blood 1
a: Renounce Religion, Heroism


You were on level 7 of the Dungeon.
You worshipped Okawaru.
Okawaru was pleased with you.
You visited 2 branches of the dungeon, and saw 8 of its levels.
You also visited: Ossuary.

You collected 439 gold pieces.

Inventory:

Hand Weapons
 a - a +0 war axe
 E - a +5 morningstar (weapon)
Missiles
 d - 6 javelins (quivered)
Armour
 c - a +0 buckler (worn)
 m - a +0 pair of gloves (worn)
 o - the +3 scale mail of Ronikou (worn) {rF- rN++ Int+5}
   (You found it on level 2 of the Dungeon)

   Int:       It affects your intelligence (+5).
   rF:        It makes you vulnerable to fire.
   rN:        It greatly protects you from negative energy.
 u - a +0 pair of boots (worn)
 z - a +0 cloak (worn)
Jewellery
 e - a +6 ring of dexterity (left hand)
 k - a +4 ring of protection (right hand)
 x - a ring of protection from fire
Wands
 y - a wand of acid (13)
 B - a wand of flame (14)
Scrolls
 n - a scroll of amnesia
 w - a scroll of teleportation
Potions
 g - 2 potions of lignification
 h - a potion of cancellation {unknown}
 i - 6 potions of curing
 j - a potion of ambrosia {unknown}
 l - 2 potions of mutation
 p - 2 potions of flight
 q - a potion of attraction
 r - a potion of brilliance {unknown}
 s - a potion of degeneration {unknown}
 t - a potion of heal wounds {unknown}
 v - a potion of haste


   Skills:
 + Level 6.9 Fighting
 - Level 5.6(5.8) Axes
 * Level 1.3(3.8) Maces & Flails
 + Level 6.1 Armour
 - Level 5.3 Dodging
 + Level 6.2 Shields
 + Level 1.3 Invocations


You had 8 spell levels left.
You didn't know any spells.
Your spell library was empty.

Dungeon Overview and Level Annotations

Branches:
Dungeon (7/15)             Temple (1/1) D:5         Ossuary (visited)

Altars:
Ashenzari
Cheibriados
Dithmenos
Elyvilon
Fedhas
Gozag
Hepliaklqana
Makhleb
Nemelex Xobeh
Okawaru
Qazlal
Ru
Sif Muna
Trog
Uskayaw
Vehumet
Wu Jian
Xom
Yredelemnul
Zin
The Shining One

Annotations:
D:6 1 transporter, Stomo's ghost, novice DrFi
D:7 Harold


Innate Abilities, Weirdness & Mutations

You have sharp fingernails.
You have a pair of large horns on your head.
((A weak demonic guardian rushes to your aid.))
Your demonic aura sometimes causes spilled blood to erupt in flames.


Message History

An orc comes into view.
It is wielding a +0 flail of protection.
An orc priest comes into view. It is wielding a +0 hand axe.
The wight hits you with a +0 hand axe. Harold misses you.
The steam dragon closely misses you. You block the steam dragon's attack.
The orc warrior moves out of view.
Unknown command.
There are monsters nearby!
You are too injured to fight recklessly!
Unknown command.
There are monsters nearby!
You are too injured to fight recklessly!
Unknown command.
Unknown command.
Unknown command.
Okay, then.
As you read the scroll of teleportation, it crumbles to dust.
You feel strangely unstable.
The wight hits you with a +0 long sword.
You partially resist.
You feel drained.
Harold points at you and mumbles some strange words.
The mark upon you grows brighter. The steam dragon barely misses you.
You block the steam dragon's attack.
You hit Harold. You headbutt Harold!
Harold is severely wounded.
The wight hits you with a +0 long sword.
You partially resist. You block the wight's attack.
Harold hits you but does no damage. The wight completely misses you.
The steam dragon bites you.
* * * LOW HITPOINT WARNING * * *
The steam dragon barely misses you.
The wight hits you but does no damage. x2
You puncture Harold! Your headbutt misses Harold.
Harold is severely wounded.
Harold hits you with a +1 glaive of protection.
* * * LOW HITPOINT WARNING * * *
The wight barely misses you. The steam dragon bites you.
* * * LOW HITPOINT WARNING * * *
The steam dragon claws you but does no damage.
The wight hits you but does no damage. x2
Harold hits you with a +1 glaive of protection!
You die...

#####..
#.#.........#
#......
#.)###...####
#...... ##.......#
#.$.... #.......#
....... #)......#
#.[.... #.......#
#.....z####.......#
#...zzzzD†........#
######z@###.......#
.....o@## #........
....#zo .......##
#.# ##z #......# .
.# ...##.## . #..#
.# .. .## # ##


You could see Harold, a steam dragon, 8 wights, an orc priest and an orc.

Vanquished Creatures
  Pikel (D:5)
  A centaur zombie (D:6)
  Grinder (D:4)
  Sigmund (D:2)
  2 ice beasts (D:6)
  2 black bears
  7 ogres
  A necrophage (D:5)
  Blork the orc (D:4)
  A water moccasin skeleton (D:3)
  4 wights (D:7)
  2 howler monkeys (D:7)
  2 orc priests
  A bullfrog skeleton (D:5)
  2 hounds
  2 jellies
  Crazy Yiuf (D:4)
  A gnoll shaman (D:7)
  Jessica (D:2)
  2 iguanas
  A scorpion zombie (D:5)
  Natasha (twice) (D:4)
  2 orc wizards (D:3)
  A killer bee zombie (D:7)
  A hound skeleton (D:5)
  A hound zombie (D:4)
  8 mummies (Ossuary)
  7 gnolls
  5 adders
  A white imp (D:5)
  An adder skeleton (D:4)
  2 worms
  3 dart slugs
  15 orcs
  4 endoplasms
  2 giant cockroaches
  A gnoll zombie (Ossuary)
  5 goblins
  6 hobgoblins
  2 jackals (D:2)
  7 kobolds
  6 quokkas
  8 ball pythons
  3 bats
  9 frilled lizards
  2 hobgoblin zombies (Ossuary)
  3 kobold zombies (Ossuary)
  2 orc zombies (Ossuary)
  4 rats
150 creatures vanquished.

Vanquished Creatures (collateral kills)
  Natasha (D:4)
  A gnoll (D:2)
2 creatures vanquished.

Vanquished Creatures (others)
  A plant (D:5)
1 creature vanquished.

Grand Total: 153 creatures vanquished

Notes
Turn   | Place    | Note
-------+----------+-------------------------------------------
     0 | D:1      | Sin92 the Demonspawn Fighter began the quest for the Orb.
     0 | D:1      | Reached XP level 1. HP: 18/18 MP: 1/1
   294 | D:1      | Found a faded altar of an unknown god.
   572 | D:1      | Discovered your monstrous ancestry.
   572 | D:1      | Gained mutation: You have a pair of small horns on your
                  | head. [demonic ancestry]
   572 | D:1      | Reached XP level 2. HP: 24/24 MP: 2/2
  1268 | D:2      | Gained mutation: You have a pair of horns on your head.
                  | [demonic ancestry]
  1268 | D:2      | Reached XP level 3. HP: 27/29 MP: 3/3
  1428 | D:2      | Noticed Jessica
  1431 | D:2      | Killed Jessica
  1432 | D:2      | Reached skill level 1 in Dodging
  1631 | D:2      | Identified the +3 scale mail of Ronikou {rF- rN++ Int+5}
  1636 | D:2      | Reached XP level 4. HP: 35/35 MP: 4/4
  2010 | D:2      | Noticed Sigmund
  2027 | D:2      | Killed Sigmund
  2028 | D:2      | Gained mutation: A weak demonic guardian rushes to your
                  | aid. [demonic ancestry]
  2028 | D:2      | Reached XP level 5. HP: 25/42 MP: 5/5
  2439 | D:3      | Gained mutation: You have sharp fingernails. [demonic
                  | ancestry]
  2439 | D:3      | Reached XP level 6. HP: 37/48 MP: 6/6
  3239 | D:4      | Noticed Blork the orc
  3239 | D:4      | Noticed Grinder
  3319 | D:4      | Found a sand-covered staircase.
  3326 | Ossuary  | Entered an ossuary
  3524 | Ossuary  | Gained mutation: You have a pair of large horns on your
                  | head. [demonic ancestry]
  3524 | Ossuary  | Reached XP level 7. HP: 43/55 MP: 7/7
  3748 | D:4      | You fall into a shaft and drop 1 floor!
  3748 | D:5      | Entered Level 5 of the Dungeon
  3949 | D:4      | Killed Blork the orc
  4197 | D:4      | Paralysed by Grinder for 5 turns
  4204 | D:4      | Killed Grinder
  4205 | D:4      | Reached skill level 5 in Fighting
  4205 | D:4      | Reached XP level 8. HP: 50/62 MP: 8/8
  4347 | D:4      | Found a snail-covered altar of Cheibriados.
  4552 | D:4      | Identified the +0 scale mail "Erasal" {rN+ Int+4}
  4805 | D:4      | Found a runed translucent door.
  4806 | D:4      | Noticed Crazy Yiuf
  4860 | D:4      | Noticed Natasha
  4868 | D:4      | Killed Natasha
  5053 | D:4      | Killed Crazy Yiuf
  5227 | D:4      | Noticed Natasha
  5230 | D:4      | Killed Natasha
  5243 | D:4      | Noticed Natasha
  5250 | D:4      | Killed Natasha
  5440 | D:5      | Reached skill level 5 in Shields
  5441 | D:5      | Found a staircase to the Ecumenical Temple.
  5450 | Temple   | Entered the Ecumenical Temple
  5945 | Temple   | Became a worshipper of Warmaster Okawaru
  6013 | D:5      | Reached skill level 5 in Armour
  6580 | D:6      | Noticed Pikel
  6597 | D:5      | Killed Pikel
  6598 | D:5      | Reached skill level 5 in Axes
  6598 | D:5      | Gained mutation: Your demonic aura sometimes causes spilled
                  | blood to erupt in flames. [demonic ancestry]
  6598 | D:5      | Reached XP level 9. HP: 57/69 MP: 9/9
  6692 | D:6      | Reached * piety under Okawaru
  6782 | D:6      | Reached skill level 5 in Dodging
  6788 | D:6      | Reached ** piety under Okawaru
  6863 | D:6      | Found a transporter.
  6863 | D:6      | Identified the +9 dire flail of Responsibility {flame,
                  | Int+7}
  6863 | D:6      | Noticed Stomo's ghost (novice DrFi)
  7236 | D:7      | Reached skill level 1 in Maces & Flails
  7236 | D:7      | Reached skill level 1 in Invocations
  7292 | D:7      | Noticed Harold
  7306 | D:7      | Slain by Harold

Illustrated notes

Levels and vault maps discovered:
D:1:      saegor_arrival_under_anarchy, layout_loops_corners,
          chequers_ecumenical_altar_island
D:2:      layout_basic, kennysheep_crisscross, uniq_jessica, uniq_sigmund
D:3:      layout_rooms
D:4:      layout_gridville, kennysheep_slug_shrine, enter_ossuary_2,
          uniq_crazy_yiuf_cottage, uniq_natasha, uniq_blork_the_orc,
          uniq_grinder
D:5:      layout_basic, minmay_temple_entry_gardened_gates
D:6:      layout_rooms, gammafunk_ghost_smash, minmay_misc_feat_tiny, uniq_pikel
D:7:      layout_rooms, ebering_ghost_xom, kennysheep_small_circle, uniq_harold
Temple:   mainiacjoe_temple_starburst

Skill      XL: |  1  2  3  4  5  6  7  8  9 |
---------------+----------------------------+-----
Axes           | 2 3 4 5 |  5.6
Armour         | 3 4 5 6 |  6.1
Shields        | 3 4 5 6 |  6.2
Dodging        | 1 2 3 4 5 |  5.3
Fighting       | 4 5 6 |  6.9
Maces & Flails | 1 |  1.3
Invocations    | 1 |  1.3

Action                   |  1- 3 |  4- 6 |  7- 9 || total
-------------------------+-------+-------+-------++-------
Melee: War axe           |    65 |   146 |   207 ||   418
       Headbutt          |     5 |    28 |    50 ||    83
       Morningstar       |       |       |    31 ||    31
  Use: Scroll            |       |     8 |     7 ||    15
       Potion            |       |       |     1 ||     1
Armor: Scale mail        |    24 |    85 |   137 ||   246
Dodge: Dodged            |    30 |    78 |   142 ||   250
Block: Buckler           |     8 |    33 |    85 ||   126
